 Dungeon Crawl Stone Soup version 0.31-a0-986-g5e6e4ef867 (webtiles) character file.

Game seed: 14133863258555235404

157 Skeral the Scratcher (level 5, -8/25 HPs)
             Began as a Felid Cinder Acolyte on Nov 18, 2023.
             Was an Elder of Ignis.
             Killed by divine providence
             ... invoked by an orc priest
              (13 damage)
             ... on level 4 of the Dungeon.
             The game lasted 00:08:44 (2891 turns).

Skeral the Scratcher (Felid Cinder Acolyte)         Turns: 2891, Time: 00:08:45

Health: -8/25      AC:  1    Str: 16    XL:     5   Next: 15%
Magic:  8/8        EV: 15    Int: 16    God:    Ignis [****..]
Gold:   192        SH:  0    Dex: 13    Spells: 5/7 levels left
                                        Lives:  0   Deaths: 2

rFire   + .          .
                       - Unarmed
rCold   . . .        (shield unavailable)
rNeg    . . .        (body armour unavailable)
rPois   .            (helmet unavailable)
rElec   .            (cloak unavailable)
rCorr   .            (gloves unavailable)
SInv    +            (boots unavailable)
Will    .....        (no amulet)
Stlth   ++           S - +6 ring of strength
HPRegen 0.24/turn    (no ring)
MPRegen 0.11/turn

%: no passive effects
@: quick
A: very small, claws 1, fangs 3, see invisible, speed 1, shaggy fur 1, stealthy
paws, no weapons or thrown items, no armour, multi-lived
a: Renounce Religion, Fiery Armour, Foxfire Swarm, Rising Flame


You were on level 4 of the Dungeon.
You worshipped Ignis.
Ignis was greatly pleased with you.
You visited 1 branch of the dungeon, and saw 4 of its levels.

You collected 192 gold pieces.


Innate Abilities, Weirdness & Mutations

You have sharp claws.
You have razor-sharp teeth.
You have supernaturally acute eyesight. (SInv)
You cover ground quickly. (Speed+)
You are covered in fur. (AC +1)
Your paws help you pounce on unaware monsters.
You are incapable of wielding weapons or throwing items.
You cannot wear armour.
You gain extra lives every three experience levels.


   Skills:
 + Level 3.7 Fighting
 + Level 3.0 Stealth
 + Level 3.8 Unarmed Combat
 + Level 1.8 Spellcasting
 + Level 3.4 Fire Magic


You had 5 spell levels left.
You knew the following spells:

 Your Spells              Type           Power      Damage    Failure   Level
S - Scorch                Fire           24%        2d6       8%          2

Your spell library contained the following spells:

 Spells                   Type           Power      Damage    Failure   Level
 Lesser Beckoning         Tloc           2%         N/A       32%         2
 Gell's Gravitas          Tloc           1%         N/A       54%         3
 Teleport Other           Tloc           1%         N/A       54%         3
 Tukima's Dance           Hex            1%         N/A       54%         3
 Passage of Golubria      Tloc           1%         N/A       91%         4
 Yara's Violent Unravell  Hex/Tmut       0%         3d3       99%         5

Inventory:

Jewellery
 S - a +6 ring of strength (left paw)
   (You found it on level 2 of the Dungeon)
Wands
 i - a wand of polymorph (9)
   (You found it on level 2 of the Dungeon)
 m - a wand of mindburst (12)
   (You found it on level 3 of the Dungeon)
Scrolls
 b - 3 scrolls of identify {unknown}
 c - a scroll of noise {unknown}
 d - a scroll of fog {unknown}
 e - a scroll of vulnerability {unknown}
 g - a scroll of summoning {unknown}
 h - 3 scrolls of teleportation {unknown}
 j - a scroll of torment {unknown}
 k - a scroll of revelation {unknown}
Potions
 a - a potion of berserk rage {unknown}
 f - a potion of attraction {unknown}
 l - a potion of curing {unknown}

Dungeon Overview and Level Annotations

Branches:
Dungeon (4/15) Zot: 26852
 Temple: D:4-7

Altars:
Xom

.....##.....##....#.#
..... ...##..#......#
..... ..###........##
.... ..............#
.............#
...##....##.## .
#.....### #...#.##
.......#@.#
..#.....o...#
..............#
...............#
............###
!...#.....#.#
...#.#...### #.
#######


You could see an orc priest.


Message History

Things that are here:
a +0 flail; an orc corpse
There is a stone staircase leading down, spattered with blood here.
You climb downwards.
There is a stone staircase leading up here.
You barely miss the quokka. The quokka barely misses you.
You scratch the quokka but do no damage.
The quokka bites you. The quokka closely misses you. 😕 HP[-3]
You take 3 damage, and now have 22/25 hp.
You barely miss the quokka. Your bite misses the quokka.
The quokka barely misses you. 😕 HP[+1]
You barely miss the quokka. The quokka misses you.
The endoplasm quivers.
You scratch the quokka.
You kill the quokka!
You see here a quokka corpse. 😕 HP[+1]
You barely miss the endoplasm. The endoplasm barely misses you.
You barely miss the endoplasm.
The endoplasm barely misses you. 😎 HP[+1]
Your hp is fully restored (25).
You barely miss the endoplasm.
You claw the endoplasm, but do no damage.
The endoplasm freezes you.
You are frozen. 😕 HP[-3]
You take 3 damage, and now have 22/25 hp.
You claw the endoplasm!
You kill the endoplasm! 😕 HP[+1] 😕 HP[+1]
You now have 192 gold pieces (gained 11). 😎 HP[+1]
Your hp is fully restored (25).
You pick up a book of Displacement and begin reading...
You add the spells Lesser Beckoning, Gell's Gravitas and Teleport Other to your library.
An endoplasm comes into view.
A goblin comes into view. It is wielding a +0 club.
A gnoll comes into view. It is wielding a +0 spear.
The endoplasm quivers.
The goblin shouts!
You claw the endoplasm!
You kill the endoplasm!
You barely miss the goblin.
The goblin hits you with a +0 club. 😕 HP[-2]
You take 2 damage, and now have 23/25 hp.
You scratch the goblin but do no damage.
The goblin hits you with a +0 club. 😕 HP[-2]
You take 2 damage, and now have 21/25 hp.
You completely miss the goblin. The goblin barely misses you.
You closely miss the goblin.
The goblin hits you with a +0 club. 😕 HP[-1]
You take 1 damage, and now have 20/25 hp.
You claw the goblin!
You kill the goblin!
You see here a +0 club. 😕 HP[+1]
You see here 5 stones. 😕 HP[+1] 😕 HP[+1] 😕 HP[+1] 😎 HP[+1]
Your hp is fully restored (25).
The orc priest shouts!
You hear a bark! x2
You closely miss the orc priest.
The orc priest hits you with a +0 dagger. 😕 HP[-2]
You take 2 damage, and now have 23/25 hp.
You barely miss the orc priest.
The orc priest hits you but does no damage.
You claw the orc priest!
The orc priest hits you with a +0 dagger. 😕 HP[-2]
You take 2 damage, and now have 21/25 hp.
You barely miss the orc priest.
The orc priest hits you with a +0 dagger. 😕 HP[-2]
You take 2 damage, and now have 19/25 hp.
You scratch the orc priest. The orc priest misses you.
You barely miss the orc priest.
The orc priest invokes the aid of Beogh against you.
Beogh smites you!
* * * LOW HITPOINT WARNING * * *
😨 HP[-12]
You take 12 damage, and now have 7/25 hp.
MASSIVE DAMAGE!! (PAUSE)
You scratch the orc priest but do no damage.
The orc priest hits you with a +0 dagger.
* * * LOW HITPOINT WARNING * * *
😱 HP[-3]
You take 3 damage, and now have 4/25 hp.
You barely miss the orc priest. The orc priest barely misses you.
You scratch the orc priest but do no damage.
The orc priest invokes the aid of Beogh against you.
Beogh smites you!
Ouch! That really hurt!
You die...

Skill      XL: |  1  2  3  4 |
---------------+-------------+-----
Stealth        | 1 2 3 |  3.0
Fire Magic     | 3 |  3.4
Fighting       | |  3.7
Unarmed Combat | |  3.8
Spellcasting   | |  1.8

Action                     |  1- 3 |  4- 6 || total
---------------------------+-------+-------++-------
  Melee: Unarmed           |    98 |    75 ||   173
         Bite              |     6 |     2 ||     8
         Punch             |     1 |     3 ||     4
   Cast: Scorch            |     6 |       ||     6
 Invoke: Fiery Armour      |     1 |       ||     1
         Foxfire Swarm     |       |     2 ||     2
  Evoke: Wand              |       |     1 ||     1
   Stab: Sleeping          |     4 |     3 ||     7
 Armour: Skin              |    38 |    20 ||    58
  Dodge: Dodged            |    83 |    44 ||   127

Levels and vault maps discovered:
D:1:      sevenhm_arrival_forest_fort_large_2, layout_basic,
          ebering_ecumenical_altar_webs, nicolae_hexahallways
D:2:      layout_basic
D:3:      layout_basic, grunt_decor_junction, dreamdust_mushroom_princess,
          uniq_robin
D:4:      layout_cave_pools, brannock_xom_greatest_gift

Notes
Turn   | Place    | Note
-------+----------+-------------------------------------------
     0 | D:1      | Skeral the Felid Cinder Acolyte began the quest for the
                  | Orb.
     0 | D:1      | Reached XP level 1. HP: 10/10 MP: 3/3
     0 | D:1      | magus.rc [v1.10.3]
    52 | D:1      | HP: 1/10 [ball python (3)]
    52 | D:1      | Constricted to death by a ball python
   311 | D:1      | Reached skill level 1 in Stealth
   330 | D:1      | Reached XP level 2. HP: 14/14 MP: 4/4
   670 | D:1      | Found a faded altar of an unknown god.
   989 | D:2      | Reached skill level 3 in Fire Magic
   996 | D:2      | You add the spells Tukima's Dance, Passage of Golubria and
                  | Yara's Violent Unravelling to your library.
  1000 | D:2      | Learned a level 2 spell: Scorch
  1147 | D:2      | Reached XP level 3. HP: 13/17 MP: 5/5
  1209 | D:2      | Reached skill level 2 in Stealth
  1874 | D:3      | Noticed Robin
  1882 | D:3      | Reached XP level 4. HP: 15/21 MP: 2/7
  2473 | D:3      | Killed Robin
  2700 | D:4      | Found a shimmering altar of Xom.
  2711 | D:4      | HP: 5/22 [orc priest/divine providence (13)]
  2714 | D:4      | Reached skill level 3 in Stealth
  2714 | D:4      | Reached XP level 5. HP: 6/25 MP: 8/8
  2716 | D:4      | Killed from afar by an orc priest
  2816 | D:4      | You pick up a book of Displacement and begin reading...
  2816 | D:4      | You add the spells Lesser Beckoning, Gell's Gravitas and
                  | Teleport Other to your library.
  2889 | D:4      | HP: 4/25 [orc priest/+0 dagger (3)]
  2891 | D:4      | Killed from afar by an orc priest

Vanquished Creatures
  An orc wizard (D:4)
  Robin (D:3)
  4 adders
  2 worms (D:2)
  A dart slug (D:2)
  2 orcs
  6 bats
  5 endoplasms
  A giant cockroach (D:1)
  13 goblins
  9 hobgoblins
  4 jackals (D:1)
  3 quokkas
  6 ball pythons
  2 frilled lizards
  6 kobolds
  3 rats
69 creatures vanquished.

Vanquished Creatures (others)
  16 foxfires
16 creatures vanquished.

Grand Total: 85 creatures vanquished

Table legend:
 A = Non-vault XP
 B = Vault XP
 C = Vault XP percentage of total XP
 D = Non-vault monster count
 E = Vault monster count
 F = Vault count percentage of total count
                 A         B        C        D         E       F
            +---------+---------+-------+---------+---------+-------
      Total |     187 |      38 |  16.9 |      56 |      13 |  18.8
            +---------+---------+-------+---------+---------+-------
        D:1 |      33 |       0 |   0.0 |      19 |       0 |   0.0
        D:2 |      61 |       2 |   3.2 |      18 |       1 |   5.3
        D:3 |      41 |      36 |  46.8 |      10 |      12 |  54.5
        D:4 |      52 |       0 |   0.0 |       9 |       0 |   0.0
            +---------+---------+-------+---------+---------+-------

Skill      XL: |  1  2  3  4 |
---------------+-------------+-----
Stealth        | 1 2 3 |  3.0
Fire Magic     | 3 |  3.4
Fighting       | |  3.7
Unarmed Combat | |  3.8
Spellcasting   | |  1.8

Action                     |  1- 3 |  4- 6 || total
---------------------------+-------+-------++-------
  Melee: Unarmed           |    98 |    75 ||   173
         Bite              |     6 |     2 ||     8
         Punch             |     1 |     3 ||     4
   Cast: Scorch            |     6 |       ||     6
 Invoke: Fiery Armour      |     1 |       ||     1
         Foxfire Swarm     |       |     2 ||     2
  Evoke: Wand              |       |     1 ||     1
   Stab: Sleeping          |     4 |     3 ||     7
 Armour: Skin              |    38 |    20 ||    58
  Dodge: Dodged            |    83 |    44 ||   127

Illustrated notes

Table legend:
 A = Kills in this place as a percentage of kills in the entire game.
 B = Kills by you in this place as a percentage of kills by you in the entire game.
 C = Kills by friends in this place as a percentage of kills by friends in the entire game.
 D = Other kills in this place as a percentage of other kills in the entire game.
 E = Experience gained in this place as a percentage of experience gained in the entire game.
 F = Experience gained in this place divided by the number of levels of this place that you have seen.
                   A       B       C       D       E      F
               +-------+-------+-------+-------+-------+----------------------
         Total | 100.0 | 100.0 |   N/A |   N/A | 100.0 |  56.2
       Dungeon | 100.0 | 100.0 |   N/A |   N/A | 100.0 |  56.2
               +-------+-------+-------+-------+-------+----------------------

Table legend: (Time is in decaauts)
 A = Elapsed time spent in this place.
 B = Non-inter-level travel time spent in this place.
 C = Inter-level travel time spent in this place.
 D = Time resting spent in this place.
 E = Time spent auto-exploring this place.
 F = Levels seen in this place.
 G = Mean time per level.
                   A        B        C        D        E       F      G
               +--------+--------+--------+--------+--------+-----+--------+
         Total |   2418 |   2284 |    134 |    234 |    921 |   4 |  604.5 |
       Dungeon |   2418 |   2284 |    134 |    234 |    921 |   4 |  604.5 |
               +--------+--------+--------+--------+--------+-----+--------+

Top non-repeatable levels by time:
     D:1: 805 daAuts
     D:2: 794 daAuts
     D:3: 664 daAuts
     D:4: 153 daAuts
